Map: New Repugnancy LE

Players

Darksidezoom

  • Race: Zerg Zerg
  • League: Diamond
  • Spawn Location: 7:00

PieForever - Winner!

  • Race: Terran Terran
  • League: Diamond
  • Spawn Location: 1:00

VOD

Have the link to the VOD?

Description

Time

  • Played on: Jan. 25, 2019, 1:33 a.m.
  • Length: 9:53
Show
View Real Time Build Order
Export as new Build Order

Darksidezoom Zerg 

Build Orders: 1 Base Baneling Bust, Pool First, Zergling Baneling 

Get SALT Encoding   

  12  0:01  Drone  
  13  0:08  Drone  
  14  0:16  Extractor  
  14  0:17  Drone  
  14  0:24  Extractor  
  14  0:25  Drone  
  15  0:33  Overlord  
  15  0:50  Spawning Pool  
  15  0:53  Drone  
  15  0:58  Drone  
  15  1:03  Drone  
  18  1:11  Drone  
  18  1:16  Drone  
  19  1:27  Overlord  
  19  1:36  Metabolic Boost  
  19  1:42  Baneling Nest, Zergling x2  
  19  1:51  Queen  
  21  1:55  Zergling x2  
  22  2:01  Zergling x2  
  23  2:10  Zergling x2  
  24  2:23  Zergling x2  
  25  2:40  Zergling x2  
  26  2:46  Zergling x2  
  27  2:55  Overlord  
  27  3:02  Hatchery  
  27  3:04  Baneling x4  
  27  3:05  Baneling  
  26  3:07  Zergling x2  
  26  3:10  Zergling x6  
  29  3:29  Zergling x4  
  29  3:32  Baneling x3  
  31  3:41  Drone  
  31  3:45  Drone  
  31  3:46  Drone x2  
  25  4:19  Roach Warren  
  25  4:22  Drone x3  
  25  4:23  Drone x3  
  28  4:31  Zergling x2  
  29  4:36  Spine Crawler  
  28  4:39  Drone x2  
  30  4:47  Drone  
  31  4:59  Roach x4  
  41  5:00  Roach  
  41  5:05  Queen  
  43  5:15  Drone  
  43  5:17  Overlord x2  
  45  5:35  Drone  
  45  5:36  Extractor  
  45  5:37  Hatchery, Roach x4  
  51  5:45  Drone  
  51  5:46  Drone x3  
  51  5:49  Extractor  
  54  5:51  Drone  
  54  5:52  Extractor  
  54  6:00  Drone  
  54  6:01  Drone  
  56  6:15  Drone  
  56  6:16  Drone x2  
  56  6:17  Drone  
  56  6:18  Overlord x2  
  60  6:24  Lair  
  60  6:33  Overlord x2  
  60  6:39  Baneling x2  
  60  6:41  Roach x2  
  60  6:45  Drone  
  60  6:46  Drone x3  
  68  6:49  Drone x2  
  68  6:52  Drone  
  68  6:54  Drone  
  72  7:00  Roach x2  
  76  7:09  Roach  
  76  7:10  Roach x3  
  84  7:16  Drone x3  
  84  7:22  Drone  
  88  7:23  Evolution Chamber, Drone  
  88  7:24  Evolution Chamber  
  86  7:37  Roach x2  
  86  7:38  Roach  
  90  7:46  Overlord x3  
  90  7:51  Zerg Missile Weapons Level 1  
  90  7:52  Zerg Ground Armor Level 1  
  90  7:55  Overlord x2  
  90  7:57  Glial Reconstitution  
  90  8:04  Hydralisk Den, Drone  
  90  8:07  Drone  
  90  8:08  Drone x5  
  90  8:10  Extractor  
  95  8:18  Drone x2  
  97  8:25  Queen  
  99  8:32  Drone x4  
  99  8:33  Drone x4  
  107  8:38  Extractor  
  107  8:39  Drone x2  
  108  8:55  Drone x3  
  110  9:00  Drone x2  
  110  9:02  Roach x4  
  123  9:03  Roach  
  123  9:10  Hydralisk x2  
  123  9:11  Hydralisk  
  118  9:25  Hydralisk x6  
  118  9:26  Hydralisk  
Show
View Real Time Build Order
Export as new Build Order

PieForever Terran - Winner!

Build Orders: Reaper Expand 

Get SALT Encoding   

  12  0:00  SCV  
  13  0:12  SCV  
  14  0:19  Supply Depot  
  14  0:25  SCV  
  15  0:40  SCV  
  15  0:41  Barracks  
  16  0:45  Refinery  
  16  0:52  SCV  
  17  1:04  SCV  
  18  1:17  SCV  
  19  1:29  Reaper  
  19  1:30  Orbital Command  
  20  1:44  Command Center  
  20  1:54  Supply Depot  
  20  1:56  SCV  
  21  2:03  Marine  
  22  2:08  SCV  
  23  2:21  SCV  
  23  2:22  Refinery  
  23  2:23  Factory  
  23  2:25  Barracks Reactor  
  23  2:33  Bunker, SCV  
  24  2:45  SCV  
  25  2:57  Bunker, SCV  
  25  3:09  SCV  
  26  3:15  Orbital Command  
  26  3:17  Hellion  
  28  3:20  Barracks Reactor  
  28  3:21  SCV  
  28  3:22  Marine  
  30  3:36  Starport  
  30  3:41  Hellion  
  32  3:46  Barracks Reactor  
  32  3:47  Barracks Tech Lab  
  30  4:07  Factory Reactor  
  30  4:14  Supply Depot  
  30  4:18  Supply Depot  
  30  4:26  Supply Depot  
  30  4:30  Orbital Command  
  30  4:35  Marine  
  31  4:40  Starport Reactor  
  31  4:42  Stimpack  
  31  4:44  Hellion  
  31  4:45  Hellion  
  35  4:56  SCV  
  36  5:01  SCV  
  36  5:05  Marine  
  38  5:07  Bunker  
  38  5:09  Barracks  
  38  5:11  Barracks  
  38  5:18  SCV  
  39  5:23  Medivac, SCV  
  39  5:26  Factory Reactor  
  39  5:27  Supply Depot  
  39  5:28  Supply Depot  
  42  5:30  SCV  
  42  5:32  Marine  
  44  5:37  Medivac  
  44  5:39  Supply Depot  
  46  5:48  SCV x2  
  48  5:53  Engineering Bay, Supply Depot  
  48  5:56  Marine  
  49  6:00  SCV x2  
  51  6:10  Refinery x2  
  51  6:13  Factory Tech Lab, SCV x2  
  51  6:18  Marine x4  
  56  6:24  Terran Infantry Weapons Level 1  
  57  6:28  Marine  
  57  6:30  Medivac x2  
  62  6:35  Marine  
  62  6:36  Marine, Siege Tank  
  62  6:37  SCV x2  
  69  6:44  Marine  
  69  6:45  Engineering Bay  
  70  6:49  SCV  
  70  6:50  Marine x2  
  70  6:53  Combat Shield  
  73  7:07  Marine x2, SCV  
  73  7:08  Marine  
  77  7:15  Command Center  
  77  7:18  Supply Depot  
  77  7:21  SCV  
  78  7:25  SCV  
  78  7:27  Terran Infantry Armor Level 1  
  78  7:28  Marine x2  
  81  7:39  Marine x3  
  81  7:40  Siege Tank  
  87  7:46  Marine x2  
  89  7:53  Supply Depot  
  89  7:54  Supply Depot  
  89  7:57  Marine x2  
  91  7:58  Armory  
  91  8:02  Marine  
  91  8:04  Marine x2  
  94  8:15  Supply Depot, Siege Tank, SCV  
  94  8:18  Marine x2  
  100  8:20  Marine  
  101  8:27  Marine x2  
  101  8:28  Supply Depot  
  101  8:33  Barracks  
  103  8:47  Marine x2  
  103  8:48  Marine x2  
  107  8:49  SCV  
  107  8:53  Marine  
  107  8:54  Siege Tank, SCV  
  113  9:03  Medivac  
  113  9:04  Concussive Shells  
  113  9:05  Marine x3  
  113  9:06  Marine  
  114  9:26  Marine  
  114  9:29  Marine  
Tags
 
Add a new tag
Caveats
  • Supply blocks, unpowered buildings, or Contaminate may cause inaccurate times.
  • Supply counts are checked every 10 seconds.